 Dungeon Crawl Stone Soup version 0.29.0-7-g18a832c13a (webtiles) character file.

Game seed: 7686263669919515752

10322 tilp the Cleaver (level 11, -2/141 (151) HPs)
             Began as a Minotaur Berserker on Aug 30, 2022.
             Was an Elder of Trog.
             Slain by a tentacled starspawn (6 damage)
             ... on level 1 of the Abyss.
             The game lasted 00:14:53 (8756 turns).

tilp the Cleaver (Minotaur Berserker)               Turns: 8756, Time: 00:14:54

HP:   -2/141 (151)  AC: 25    Str: 25    XL:     11   Next: 34%
MP:   10/10         EV: -1    Int:  4    God:    Trog [****..]
Gold: 711           SH:  0    Dex: 11    Spells: 10/10 levels left

rFire   + . .      SeeInvis .   b - +0 war axe
rCold   . . .      Faith    .   (no shield)
rNeg    . . .      Spirit   .   (body armour currently unavailable)
rPois   +          Reflect  .   (helmet currently unavailable)
rElec   .          Harm     .   (cloak currently unavailable)
rCorr   .          Rampage  .   (gloves currently unavailable)
Will    .....      NoTele   +   (boots currently unavailable)
Stlth   +.........              t - amulet of the acrobat
HPRegen 0.33/turn               c - +4 ring of evasion
MPRegen 0.12/turn               o - ring of protection from fire

@: tree-form (expiring), silenced, slowed, constricted, drained, very slow
A: stationary, stasis, torment immunity, boosted hp, (horns 2), (retaliatory
headbutt)
a: Renounce Religion


You were on level 1 of the Abyss.
You worshipped Trog.
Trog was greatly pleased with you.
You were a tree.
You visited 1 branch of the dungeon, and saw 9 of its levels.
You visited the Abyss 1 time.

You collected 711 gold pieces.

Inventory:

Hand Weapons
 a - a +1 hand axe
 b - a +0 war axe (weapon)
 y - a +0 battleaxe
Missiles
 d - 12 boomerangs
 m - 25 poisoned darts (quivered)
 D - 2 throwing nets
 E - 3 datura-tipped darts
 H - a curare-tipped dart
Armour
 n - a +2 pair of boots (melded)
 C - a +2 pair of gloves (melded)
 F - a +2 chain mail of cold resistance (melded)
 L - a +1 cloak (melded)
Jewellery
 c - a +4 ring of evasion (left branch)
 i - a ring of fire
 o - a ring of protection from fire (right branch)
 t - an amulet of the acrobat (around neck)
 w - a +4 ring of evasion
 x - a ring of protection from cold
 J - an amulet of magic regeneration
Wands
 p - a wand of charming (5)
 q - a wand of flame (2)
 v - a wand of roots (13)
Scrolls
 j - a scroll of enchant weapon
 r - a scroll of poison
 A - a scroll of butterflies
 G - a scroll of teleportation
Potions
 e - a potion of berserk rage {unknown}
 f - 3 potions of attraction
 g - 5 potions of curing
 h - 2 potions of heal wounds
 k - a potion of ambrosia
 l - 3 potions of haste
 s - 4 potions of lignification
 u - a potion of cancellation
 z - a potion of might
 B - 2 potions of flight


   Skills:
 * Level 10.3 Fighting
 * Level 12.3 Axes
 - Level 4.0 Throwing
 - Level 6.0 Armour
 - Level 6.0 Dodging
 - Level 4.0 Stealth
 - Level 8.0 Evocations


You had 10 spell levels left.
You didn't know any spells.
Your spell library was empty.

Dungeon Overview and Level Annotations

Branches:
Dungeon (9/15)             Temple (0/1) D:5            Lair (0/5) D:8
    Orc: D:9-12

Altars:
Cheibriados
Dithmenos
Elyvilon
Hepliaklqana
Kikubaaqudgha
Okawaru
Qazlal
Ru
Sif Muna
Yredelemnul
The Shining One

Shops:
D:5 *   D:6 :

Annotations:
D:5 2 transporters, Menkaure
D:8 1 runed translucent door, vault x2 (elec eels), exclusions: 2 doors and 3 more exclusions, Flugkiller's ghost, novice MiFi
D:9 Erolcha


Innate Abilities, Weirdness & Mutations

You are a tree.
Your roots penetrate the ground, keeping you stationary.
You cannot be teleported.
You are immune to unholy pain and torment.
Your maximum health is greatly increased.
Your equipment is partially melded.
((You have a pair of horns on your head.))
((You reflexively headbutt those who attack you in melee.))


Message History

Something touches you but does no damage.
The starspawn tentacle constricts you.
The tentacled starspawn bites you but does no damage.
The tentacled starspawn tentacle-slaps you but does no damage.
A starspawn tentacle comes into view.
You hit the tentacled starspawn but do no damage.
The starspawn tentacle loses its grip on you.
The tentacled starspawn is lightly damaged.
You miss something. You slash the starspawn tentacle!
Something touches you but does no damage.
The starspawn tentacle grabs you. The starspawn tentacle constricts you.
The tentacled starspawn bites you but does no damage.
The tentacled starspawn tentacle-slaps you.
* * * LOW HITPOINT WARNING * * *
Something touches you but does no damage.
Unknown command.
You feel much better.
Something touches you but does no damage.
The starspawn tentacle constricts you. The tentacled starspawn bites you!
* * * LOW HITPOINT WARNING * * *
The tentacled starspawn tentacle-slaps you but does no damage.
Something touches you but does no damage.
Unknown command.
Unknown command.
You feel much better. Something touches you.
* * * LOW HITPOINT WARNING * * *
You feel drained.
* * * LOW HITPOINT WARNING * * *
The starspawn tentacle constricts you. The tentacled starspawn bites you!
* * * LOW HITPOINT WARNING * * *
The tentacled starspawn tentacle-slaps you!
* * * LOW HITPOINT WARNING * * *
Something touches you.
* * * LOW HITPOINT WARNING * * *
You feel drained. The starspawn tentacle constricts you.
* * * LOW HITPOINT WARNING * * *
The tentacled starspawn bites you!!
* * * LOW HITPOINT WARNING * * *
The tentacled starspawn tentacle-slaps you.
You die...

..... #.
...... ..# .
..... ##.#
.#.#.. ...#
.. .. ..#.##
#...##.....#
#.#w...#
#.X♣# ##
.....#w.#..#
.# #..
#......... #
...#..#...
.##..#....
.. ..##...#.
#. ... ###
§.# ..#. ~~.
~. #.


You could see a tentacled starspawn (unsilenced) and 2 starspawn tentacles.

Vanquished Creatures
  2 tentacled starspawn (Abyss:1)
  3 two-headed ogres (D:8)
  An elephant (D:8)
  Joseph (D:7)
  A large abomination (Abyss:1)
  A shadow (D:8)
  A basilisk (D:8)
  2 steam dragons
  A water moccasin (D:7)
  4 orc warriors
  2 ice beasts
  A sky beast (D:6)
  4 black bears
  4 ogres
  3 centaurs
  A phantom (D:7)
  3 kobold brigands (D:7)
  6 bullfrogs
  6 scorpions
  15 wights
  A gnoll sergeant (D:7)
  4 howler monkeys
  4 orc priests
  4 hounds
  3 gnoll boudas
  Ijyb (D:3)
  Terence (D:3)
  4 iguanas
  Natasha (thrice) (D:3)
  5 orc wizards
  Robin (D:2)
  19 gnolls
  8 adders
  3 white imps
  2 worms
  3 dart slugs
  26 orcs
  8 endoplasms
  3 giant cockroaches
  16 goblins
  15 hobgoblins
  9 jackals
  5 quokkas
  5 ball pythons
  5 bats
  3 frilled lizards
  9 kobolds
  7 rats
  2 starspawn tentacles (Abyss:1)
241 creatures vanquished.

Vanquished Creatures (others)
  Maurice (D:9)
  A yak (D:8)
  An electric eel (D:8)
  An orc (D:7)
  2 demonic plants (D:1)
  14 fungi
  10 plants
  4 starspawn tentacles (Abyss:1)
34 creatures vanquished.

Grand Total: 275 creatures vanquished

Notes
Turn   | Place    | Note
-------+----------+-------------------------------------------
     0 | D:1      | tilp the Minotaur Berserker began the quest for the Orb.
     0 | D:1      | Reached XP level 1. HP: 19/19 MP: 0/0
    11 | D:1      | Found a faded altar of an unknown god.
   186 | D:1      | Reached skill level 4 in Axes
   188 | D:1      | Reached XP level 2. HP: 24/27 MP: 1/1
   398 | D:1      | Reached ** piety under Trog
   445 | D:1      | Reached XP level 3. HP: 33/33 MP: 2/2
   942 | D:2      | Reached skill level 5 in Axes
  1119 | D:2      | Noticed Robin
  1129 | D:2      | Killed Robin
  1130 | D:2      | Reached XP level 4. HP: 41/41 MP: 3/3
  1187 | D:2      | Found a basalt altar of Yredelemnul.
  1481 | D:3      | Reached skill level 5 in Fighting
  1481 | D:3      | Reached skill level 6 in Axes
  1481 | D:3      | Reached XP level 5. HP: 33/48 MP: 4/4
  1500 | D:3      | Reached *** piety under Trog
  1679 | D:3      | Noticed Ijyb
  1691 | D:3      | Killed Ijyb
  1954 | D:3      | Noticed Natasha
  1956 | D:3      | Noticed Terence
  1957 | D:3      | Killed Natasha
  1958 | D:3      | Reached XP level 6. HP: 57/58 MP: 5/5
  1967 | D:3      | Killed Terence
  2121 | D:3      | Found the +4 dagger "Morg" {pain, Will+ Int+5}
  2240 | D:3      | Noticed Natasha
  2244 | D:3      | Killed Natasha
  2272 | D:3      | Noticed Natasha
  2280 | D:3      | Killed Natasha
  2520 | D:3      | Found a shimmering blue altar of Sif Muna.
  2992 | D:4      | Reached XP level 7. HP: 66/66 MP: 6/6
  3045 | D:4      | Reached skill level 1 in Throwing
  3045 | D:4      | Reached skill level 1 in Stealth
  3045 | D:4      | Reached skill level 1 in Evocations
  3181 | D:4      | Found a glowing golden altar of the Shining One.
  3522 | D:5      | Entered Level 5 of the Dungeon
  3543 | D:5      | Found a staircase to the Ecumenical Temple.
  3546 | D:5      | Found Usyateov's Overcharged Wands.
  3595 | D:5      | Found a transporter.
  3789 | D:5      | Found a basalt altar of Yredelemnul.
  3790 | D:5      | Noticed Menkaure
  3799 | D:5      | Found an ancient bone altar of Kikubaaqudgha.
  3802 | D:5      | Noticed a vampire
  3832 | D:5      | Found a transporter.
  3833 | D:5      | Noticed a vampire
  3840 | D:5      | Identified the +0 spear of Terrible Watchfulness {venom,
                  | rElec Str+4 Int-3 Dex+4}
  3884 | D:5      | Reached skill level 7 in Axes
  3888 | D:5      | Reached XP level 8. HP: 73/74 MP: 7/7
  3910 | D:5      | Reached **** piety under Trog
  4373 | D:6      | Found a snail-covered altar of Cheibriados.
  4397 | D:6      | Found Isan's Self-Improvement Boutique.
  4581 | D:6      | Reached skill level 8 in Axes
  4674 | D:6      | Reached skill level 5 in Armour
  4745 | D:6      | Reached skill level 9 in Axes
  4779 | D:6      | Reached XP level 9. HP: 81/81 MP: 8/8
  5358 | D:7      | Reached skill level 10 in Axes
  5546 | D:7      | Noticed Joseph
  5565 | D:7      | Killed Joseph
  5758 | D:7      | Reached skill level 5 in Dodging
  6068 | D:7      | Reached XP level 10. HP: 90/90 MP: 9/9
  6897 | D:8      | Noticed a two-headed ogre
  6903 | D:8      | Killed a two-headed ogre
  6904 | D:8      | Reached skill level 11 in Axes
  7065 | D:8      | Found a staircase to the Lair.
  7065 | D:8      | Noticed an elephant
  7087 | D:8      | Killed an elephant
  7089 | D:8      | Reached skill level 5 in Evocations
  7164 | D:8      | Noticed a two-headed ogre
  7170 | D:8      | Killed a two-headed ogre
  7283 | D:8      | Found a stormy altar of Qazlal.
  7371 | D:8      | Found a runed translucent door.
  7377 | D:8      | Noticed Flugkiller's ghost (novice MiFi)
  7526 | D:8      | Noticed a two-headed ogre
  7538 | D:8      | Killed a two-headed ogre
  7539 | D:8      | Reached skill level 12 in Axes
  8424 | D:9      | Noticed Maurice
  8436 | D:9      | Killed Maurice
  8437 | D:9      | Reached skill level 10 in Fighting
  8473 | D:9      | Found a hazy altar of Hepliaklqana.
  8483 | D:9      | Found a sacrificial altar of Ru.
  8493 | D:9      | Found a shadowy altar of Dithmenos.
  8493 | D:9      | Found a white marble altar of Elyvilon.
  8500 | D:9      | Found an iron altar of Okawaru.
  8506 | D:9      | Reached XP level 11. HP: 99/99 MP: 10/10
  8677 | D:9      | Noticed Erolcha
  8679 | Abyss:1  | Cast into level 1 of the Abyss (Erolcha)
  8691 | Abyss:1  | Noticed a tentacled starspawn
  8710 | Abyss:1  | Killed a tentacled starspawn
  8725 | Abyss:1  | Noticed a tentacled starspawn
  8733 | Abyss:1  | Killed a tentacled starspawn
  8734 | Abyss:1  | Noticed a lich
  8748 | Abyss:1  | Noticed a tentacled starspawn
  8754 | Abyss:1  | HP: 7/145 [tentacled starspawn (2)]
  8756 | Abyss:1  | Slain by a tentacled starspawn

Illustrated notes

Levels and vault maps discovered:
D:1:      dpeg_arrival_tiny_i, layout_rooms, shapermc_ecumenical_altar_gd,
          chequers_serial_rivers_small_3, amcnicky_mini_rare_corridor_liquid
D:2:      layout_rooms, basic_altar, chequers_serial_rivers_small_a, uniq_robin
D:3:      minmay_inner_zag, layout_basic, led_sif_pool, uniq_terence, uniq_ijyb,
          uniq_natasha
D:4:      layout_basic, amcnicky_altar_gilded
D:5:      layout_cave_pools, gammafunk_temple_of_torment,
          minmay_temple_entry_slanted, grunt_ministairs_5,
          nicolae_shop_overcharged_wands
D:6:      layout_gridville, mainiacjoe_overflow_concentric_impassable,
          nicolae_shop_self_help
D:7:      kennysheep_seaside_town, layout_loops_corners, grunt_tough_drop,
          uniq_joseph
D:8:      cheibrodos_two_vegetables, layout_loops_cross, lemuel_round_altar,
          david_lair_generic, ebering_ghost_reflecting_pool, disabler_island
D:9:      layout_irregular_city, nicolae_overflow_hallway_of_the_gods,
          uniq_erolcha, uniq_maggie, uniq_maurice
Abyss:1:  base:
D:7

Skill      XL: |  1  2  3  4  5  6  7  8  9 10 11 |
---------------+----------------------------------+-----
Axes           | 4 5 6 7 9 10 12 | 12.3
Fighting       | 4 5 6 7 8 10 | 10.3
Throwing       | 1 2 3 4 |  4.0
Armour         | 3 5 6 |  6.0
Stealth        | 1 2 3 4 |  4.0
Evocations     | 1 3 4 6 8 |  8.0
Dodging        | 3 4 5 6 |  6.0

Action                   |  1- 3 |  4- 6 |  7- 9 | 10-12 || total
-------------------------+-------+-------+-------+-------++-------
Melee: Hand axe          |    80 |   130 |   142 |       ||   352
       Headbutt          |     8 |    20 |    41 |    26 ||    95
       Punch             |       |       |     2 |     4 ||     6
       War axe           |       |       |    99 |   149 ||   248
Throw: Dart              |       |     2 |     3 |     9 ||    14
Invok: Berserk           |     1 |     5 |     7 |     4 ||    17
       Trog's Hand       |     1 |     2 |     1 |     1 ||     5
Evoke: Wand              |       |       |       |     4 ||     4
  Use: Scroll            |     2 |     6 |    12 |     5 ||    25
       Potion            |       |       |       |     4 ||     4
Armor: Animal skin       |     6 |       |       |       ||     6
       Ring mail         |     5 |     5 |       |       ||    10
       Chain mail        |       |    26 |   102 |    37 ||   165
       Skin              |       |       |       |    37 ||    37
Dodge: Dodged            |    76 |    66 |   150 |   103 ||   395
